 Dungeon Crawl Stone Soup version 0.30-a0-719-gcc4359ea44 (webtiles) character file.

Game seed: 13770396390255855394

38 BigDaddyOpFi the Chopper (level 3, -2/33 HPs)
             Began as a Hill Orc Chaos Knight on Jan 26, 2023.
             Was a Plaything of Xom.
             Slain by an orc
             ... wielding a +0 flail
              (10 damage)
             ... on level 2 of the Dungeon.
             The game lasted 00:01:02 (1074 turns).

BigDaddyOpFi the Chopper (Hill Orc Chaos Knight)    Turns: 1074, Time: 00:01:03

Health: -2/33      AC:  5    Str: 16    XL:     3   Next: 43%
Magic:  3/3        EV: 10    Int: 12    God:    Xom [..*...]
Gold:   161        SH:  0    Dex: 10    Spells: 2/2 levels left

rFire   . . .      SeeInvis .    a - +0 hand axe (chaos)
rCold   . . .      Faith    .    (no shield)
rNeg    . . .      Spirit   .    d - +0 ring mail
rPois   .          Reflect  .    (no helmet)
rElec   .          Harm     .    (no cloak)
rCorr   .          Rampage  .    (no gloves)
Will    .....      Clarity  +    (no boots) Stlth
                                 (no amulet)
HPRegen 0.25/turn                (no ring)
MPRegen 0.08/turn                (no ring)

@: hasted, very quick
A: talons 1, clarity, evolution 1
a: Renounce Religion, Convert to Beogh


You were on level 2 of the Dungeon.
You worshipped Xom.
You were a toy of Xom.
You visited 1 branch of the dungeon, and saw 2 of its levels.

You collected 161 gold pieces.

Inventory:

Hand Weapons
 a - a +0 hand axe of chaos (weapon)
Armour
 b - a +2 leather armour
 d - a +0 ring mail (worn)
Jewellery
 h - an amulet of regeneration
Scrolls
 e - a scroll of teleportation
 g - a scroll of amnesia {unknown}
 j - a scroll of blinking {unknown}
Potions
 i - a potion of degeneration {unknown}
Miscellaneous
 c - a piece from Xom's chessboard (15/15) (quivered)


   Skills:
 + Level 4.1 Fighting
 + Level 4.5 Axes
 + Level 2.7 Armour
 + Level 1.4 Dodging


You had 2 spell levels left.
You didn't know any spells.
Your spell library was empty.

Dungeon Overview and Level Annotations

Branches:
Dungeon (2/15)

Altars:


Innate Abilities, Weirdness & Mutations

You have sharp toenails.
You possess an exceptional clarity of mind.
You have hidden genetic potential.


Message History

You hit the orc. Your kick misses the orc.
The orc is heavily wounded.
You hit the orc. You freeze the orc. The orc hits you with a +0 club.
The orc barely misses you.
The orc priest calls down the wrath of Beogh upon you.
Beogh smites you!
You hit the orc. You burn the orc. You claw the orc.
You kill the orc!
You hit the orc.
An orc comes into view. It is wielding a +0 mace.
The orc hits you with a +0 flail.
You hit the orc priest.
The orc priest is moderately wounded.
You closely miss the orc. The orc hits you with a +0 flail.
* * * LOW HITPOINT WARNING * * *
The orc priest barely misses you.
It was a potion of haste.
You feel yourself speed up.
Xom thinks this is hilarious!
You closely miss the orc. Your kick misses the orc.
The orc is almost dead.
You barely miss the orc priest.
The orc priest calls upon Beogh to heal the orc.
The orc is healed somewhat.
You hit the orc priest. You burn the orc priest.
You claw the orc priest, but do no damage.
The orc priest is heavily wounded.
You barely miss the orc.
The orc priest shouts, "Surrender to Beogh and we'll let you live!"
The orc priest hits you but does no damage.
The orc barely misses you.
You hit the orc priest but do no damage.
You claw the orc priest, but do no damage.
The orc priest is heavily wounded.
You closely miss the orc. You closely miss the orc priest.
You claw the orc priest.
The orc priest is heavily wounded.
The orc priest threatens, "By the altar or by the axe, you will meet Beogh!"
You hit the orc.
The orc seems to grow stronger.
The orc hits you with a +0 flail!
You die...

#............#
###
####....######
#### ####.#
#... #.# #.##
#.# #.## #.#
##.## #.#
#.... #.#
#..## #@#
#.... #oo#
#.#.. #..o.
###.#.#
...####
..#.... ..#.
#.###.# #.####
#.# #.# # #.#
#.# #.# #.#
#######.###)#


You could see an orc priest and 2 orcs.

Vanquished Creatures
  2 adders (D:2)
  An orc (D:2)
  2 bats (D:1)
  An endoplasm (D:1)
  3 goblins (D:1)
  2 quokkas
  A ball python (D:1)
  3 frilled lizards
  3 kobolds (D:1)
  3 rats (D:1)
21 creatures vanquished.

Notes
Turn   | Place    | Note
-------+----------+-------------------------------------------
     0 | D:1      | BigDaddyOpFi the Hill Orc Chaos Knight began the quest for
                  | the Orb.
     0 | D:1      | Reached XP level 1. HP: 19/19 MP: 1/1
   118 | D:1      | XOM: divination: magic mapping
   127 | D:1      | Reached skill level 1 in Dodging
   170 | D:1      | Reached XP level 2. HP: 22/27 MP: 2/2
   410 | D:1      | XOM: give mutations
   410 | D:1      | Gained mutation: You possess an exceptional clarity of
                  | mind. [Xom's grace]
   410 | D:1      | Gained mutation: You have hidden genetic potential. [Xom's
                  | grace]
   650 | D:2      | XOM: noise
   663 | D:2      | Reached XP level 3. HP: 20/33 MP: 3/3
   865 | D:2      | XOM: god gift: 54 gold pieces
   869 | D:2      | Gained mutation: You have sharp toenails. [hidden
                  | potential]
   944 | D:2      | XOM: divination: detect items
  1074 | D:2      | Slain by an orc

Illustrated notes

Levels and vault maps discovered:
D:1:      spicycebolla_arrival_ecumenical, layout_basic
D:2:      layout_loops_cross, kennysheep_generic_room_16

Skill      XL: |  1  2 |
---------------+-------+-----
Dodging        | 1 |  1.4
Fighting       | 4 |  4.1
Axes           | |  4.5
Armour         | |  2.7

Action                     || total
---------------------------++-------
  Melee: Hand axe          ||    54
         Kick              ||     4
  Evoke: Piece from Xom's  ||     1
    Use: Scroll            ||     2
         Potion            ||     1
 Armour: Ring mail         ||    24
  Dodge: Dodged            ||    31

Table legend: (Time is in decaauts)
 A = Elapsed time spent in this place.
 B = Non-inter-level travel time spent in this place.
 C = Inter-level travel time spent in this place.
 D = Time resting spent in this place.
 E = Time spent auto-exploring this place.
 F = Levels seen in this place.
 G = Mean time per level.
                   A        B        C        D        E       F      G
               +--------+--------+--------+--------+--------+-----+--------+
         Total |   1077 |   1056 |     21 |      3 |    912 |   2 |  538.5 |
       Dungeon |   1077 |   1056 |     21 |      3 |    912 |   2 |  538.5 |
               +--------+--------+--------+--------+--------+-----+--------+

Top non-repeatable levels by time:
     D:1: 633 daAuts
     D:2: 443 daAuts
